 Seeded DCSS version 0.25-a0-766-g0ecfff5 (webtiles) character file.

Game seed: 4228302122948039985, levelgen mode: deterministic

8171 Faels the Cleaver (level 11, -2/88 HPs)
             Began as a Minotaur Berserker on Apr 13, 2020.
             Was an Elder of Trog.
             Slain by a white ugly thing (17 damage)
             ... on level 8 of the Dungeon.
             The game lasted 00:24:08 (9999 turns).

Faels the Cleaver (Minotaur Berserker)              Turns: 9999, Time: 00:24:09

Health: -2/88      AC: 14    Str: 24    XL:     11   Next: 6%
Magic:  11/12      EV:  8    Int:  4    God:    Trog [****..]
Gold:   208        SH:  4    Dex: 11    Spells: 10/10 levels left

rFire    . . .     SeeInvis .   z - +0 war axe
rCold    + . .     Gourm    .   (no shield)
rNeg     . . .     Faith    .   J - +0 plate armour
rPois    .         Spirit   .   (helmet restricted)
rElec    .         Reflect  +   u - +0 cloak
rCorr    +         Harm     .   (no gloves)
MR       .....                  x - +0 pair of boots
Stlth    ..........             t - +4 amulet of reflection
HPRegen  0.24/turn              i - ring of resist corrosion
MPRegen  0.13/turn              H - ring of protection from cold

@: berserk cooldown, slowed, very slow
A: retaliatory headbutt, horns 2
a: Berserk, Trog's Hand, Brothers in Arms, Renounce Religion


You were on level 8 of the Dungeon.
You worshipped Trog.
Trog was greatly pleased with you.
You were very hungry.

You visited 1 branch of the dungeon, and saw 8 of its levels.

You collected 404 gold pieces.
You spent 196 gold pieces at shops.

Inventory:

Hand Weapons
 a - a +1 mace
 h - a +0 dagger of venom
 k - a +2 vorpal hunting sling
 p - a +0 hand axe
 v - a +2 vorpal mace
 y - a +0 morningstar
 z - a +0 war axe (weapon)
 E - a +0 flail
 N - a +2 trident of flaming
Missiles
 r - 26 poisoned darts (quivered)
 s - 4 curare-tipped darts
 R - a throwing net
Armour
 b - a +0 animal skin
 f - a -2 leather armour
 m - a cursed +0 ring mail
 q - a +0 chain mail
 u - a +0 cloak (worn)
 x - a +0 pair of boots (worn)
 D - a +1 robe of magic resistance
 J - a +0 plate armour (worn)
Jewellery
 i - a ring of resist corrosion (left hand)
 o - an uncursed ring of ice
 t - a +4 amulet of reflection (around neck)
 B - a +3 ring of intelligence
 H - a ring of protection from cold (right hand)
Wands
 n - a wand of random effects (9)
 C - a wand of polymorph (12)
 K - a wand of iceblast (15)
 O - a wand of acid (9)
Scrolls
 g - 2 scrolls of blinking
 A - 2 scrolls of fear
 F - a scroll of enchant weapon
 I - 2 scrolls of remove curse
Potions
 d - a potion of curing
 e - 3 potions of stabbing
 j - 2 potions of might
 l - 2 potions of heal wounds
 w - a potion of invisibility
 G - a potion of brilliance
 M - a potion of flight
 P - a potion of lignification {unknown}
Comestibles
 c - 16 rations
 L - 2 chunks of flesh


   Skills:
 + Level 5.4 Fighting
 - Level 14.8(16.0) Axes
 - Level 11.0(14.2) Maces & Flails
 + Level 4.5 Armour
 + Level 4.1 Dodging
 + Level 2.7 Evocations


You had 10 spell levels left.
You didn't know any spells.
Your spell library was empty.

Dungeon Overview and Level Annotations

Branches:
Dungeon (8/15)             Temple (0/1) D:5
   Lair: D:8-11

Altars:
Okawaru
Qazlal
Yredelemnul

Shops:
D:7 }

Annotations:
D:5 2 transporters
D:8 Pikel


Innate Abilities, Weirdness & Mutations

You reflexively headbutt those who attack you in melee.
You have a pair of horns on your head.


Message History

The white ugly thing tentacle-slaps you.
The white ugly thing freezes you! You resist.
* * * LOW HITPOINT WARNING * * *
You barely miss the white ugly thing.
Your headbutt misses the white ugly thing.
You slash the white ugly thing! You headbutt the white ugly thing.
The white ugly thing is lightly wounded.
The white ugly thing barely misses you.
You feel a strong urge to attack something.
There is an open door here.
You feel your anger nearly subside.
You are no longer berserk.
You are exhausted.
You feel yourself slow down.
You close the door.
A white ugly thing opens the door.
You block the white ugly thing's attack.
You see here a jackal skeleton.
The white ugly thing tentacle-slaps you!
* * * LOW HITPOINT WARNING * * *
The white ugly thing freezes you! You resist.
You die...

.. .. ..# ..... .##
..# ..... ..### ...#
.....###...####..<
.........#.##....
#.......#....###+# #
#.......)....#.....#
#.......#....#.#.#.#
#.......#.##.@.#(..+
.+
.........[<##.#u#.#.#
..#
##.......####.#..K..#
p.⌠ ###.##.##
..###p### #'# #. #.#
#..##.## #p# . #.#
#..#K## #K# . ..#
#..+#.###u# #. ###
...###u#.# ##K##


You could see a white ugly thing, Pikel and a slave.

Vanquished Creatures
  5 death yaks
  An unseen horror (D:8)
  The ghost of Divap the Slinger, a novice HaHu of Nemelex Xobeh (D:7)
  A komodo dragon (D:8)
  Grinder (D:6)
  2 hippogriffs
  Sigmund (D:2)
  3 yaks
  Menkaure (D:6)
  An orc warrior (D:7)
  An ice beast (D:6)
  A sky beast (D:6)
  Purgy (D:3)
  3 ogres
  5 centaurs
  2 bullfrogs (D:7)
  A gnoll sergeant (D:6)
  2 scorpions
  A howler monkey (D:4)
  4 crimson imps
  A bullfrog zombie (D:5)
  2 centaur zombies
  3 hounds
  A jelly (D:5)
  2 centaur skeletons
  Crazy Yiuf (D:3)
  A bullfrog skeleton (D:4)
  2 orc priests
  3 orc wizards
  Jessica (D:2)
  3 iguanas
  Terence (D:3)
  Natasha (D:3)
  5 worker ants
  Robin (D:3)
  12 gnolls
  11 adders
  3 shadow imps (D:5)
  An ooze (D:5)
  2 adder skeletons
  A worm (D:3)
  3 dart slugs
  3 leopard geckos
  8 orcs
  4 ball pythons
  4 giant cockroaches
  19 goblins
  9 hobgoblins
  27 jackals
  2 quokkas
  10 bats
  3 frilled lizards
  A giant cockroach zombie (D:5)
  4 kobolds
  A quokka skeleton (D:7)
  6 rats
200 creatures vanquished.

Notes
Turn   | Place    | Note
-------+----------+-------------------------------------------
     0 | D:1      | Faels the Minotaur Berserker began the quest for the Orb.
     0 | D:1      | Reached XP level 1. HP: 19/19 MP: 0/0
   153 | D:1      | Reached XP level 2. HP: 12/26 MP: 1/1
  1110 | D:2      | Reached skill level 5 in Maces & Flails
  1115 | D:2      | Reached XP level 3. HP: 28/31 MP: 2/2
  1373 | D:2      | Reached ** piety under Trog
  1462 | D:2      | Noticed Jessica
  1477 | D:2      | Killed Jessica
  1477 | D:2      | Reached XP level 4. HP: 39/39 MP: 3/3
  1834 | D:2      | Noticed Sigmund
  1841 | D:2      | Killed Sigmund
  1841 | D:2      | Reached XP level 5. HP: 45/45 MP: 4/4
  1841 | D:2      | Reached XP level 6. HP: 51/51 MP: 5/5
  2046 | D:3      | Noticed Terence
  2052 | D:3      | Killed Terence
  2475 | D:3      | Noticed Robin
  2491 | D:3      | Killed Robin
  2493 | D:3      | Reached *** piety under Trog
  2500 | D:3      | Noticed Natasha
  2511 | D:3      | Noticed Purgy
  2512 | D:3      | Killed Natasha
  2788 | D:3      | Killed Purgy
  2913 | D:3      | Found a runed translucent door.
  2914 | D:3      | Noticed Crazy Yiuf
  2920 | D:3      | Killed Crazy Yiuf
  2920 | D:3      | Reached XP level 7. HP: 57/57 MP: 6/6
  3224 | D:4      | Reached skill level 10 in Maces & Flails
  4430 | D:5      | Entered Level 5 of the Dungeon
  4590 | D:5      | Found a transporter.
  4622 | D:5      | Found a transporter.
  4761 | D:5      | Reached skill level 1 in Axes
  4799 | D:5      | Found a staircase to the Ecumenical Temple.
  4920 | D:5      | Reached skill level 2 in Axes
  5030 | D:5      | Reached XP level 8. HP: 58/64 MP: 7/7
  5037 | D:5      | Reached skill level 3 in Axes
  5182 | D:5      | Reached **** piety under Trog
  5811 | D:6      | Found a stormy altar of Qazlal.
  5822 | D:5      | Reached skill level 4 in Axes
  5828 | D:5      | Paralysed by fainting for 6 turns
  6041 | D:5      | Reached skill level 5 in Axes
  6114 | D:6      | Reached skill level 6 in Axes
  6209 | D:6      | Found a basalt altar of Yredelemnul.
  6424 | D:6      | Noticed Menkaure
  6441 | D:6      | Killed Menkaure
  6441 | D:6      | Reached skill level 7 in Axes
  6684 | D:6      | Reached skill level 8 in Axes
  6768 | D:6      | Noticed Grinder
  6774 | D:6      | Killed Grinder
  6939 | D:6      | Reached skill level 9 in Axes
  6954 | D:6      | Reached XP level 9. HP: 59/70 MP: 8/8
  7322 | D:7      | Noticed Divap's ghost (novice HaHu)
  7329 | D:7      | Found a runed translucent door.
  7362 | D:7      | Found Xossisoi's Gadget Shoppe.
  7365 | D:7      | Bought a wand of iceblast (10) for 196 gold pieces
  7683 | D:7      | Found an iron altar of Okawaru.
  7759 | D:7      | Reached skill level 10 in Axes
  8173 | D:7      | Reached skill level 11 in Axes
  8920 | D:7      | Killed Divap's ghost
  8920 | D:7      | Reached skill level 12 in Axes
  8993 | D:8      | Noticed a death yak
  8993 | D:8      | Noticed a death yak
  8996 | D:8      | Noticed a death yak
  9002 | D:8      | Noticed a death yak
  9013 | D:7      | Killed a death yak
  9013 | D:7      | Reached skill level 13 in Axes
  9013 | D:7      | Reached XP level 10. HP: 55/77 MP: 9/9
  9189 | D:8      | Noticed a death yak
  9197 | D:7      | Killed a death yak
  9197 | D:7      | Reached skill level 14 in Axes
  9495 | D:7      | Killed a death yak
  9749 | D:7      | Killed a death yak
  9749 | D:7      | Reached skill level 1 in Evocations
  9803 | D:8      | Killed a death yak
  9942 | D:8      | Reached skill level 5 in Fighting
  9967 | D:8      | Noticed Pikel
  9970 | D:8      | Noticed a white ugly thing
  9988 | D:8      | Killed an unseen horror
  9988 | D:8      | Reached XP level 11. HP: 47/88 MP: 10/12
  9999 | D:8      | Slain by a white ugly thing

Levels and vault maps discovered:
D:1:      dpeg_arrival_shelter, layout_basic
D:2:      wander_river, layout_rooms, nrook_loot_triangle, uniq_jessica,
          uniq_sigmund
D:3:      layout_basic, first_ration, minmay_misc_feat_roman,
          grunt_ministairs_13, uniq_purgy, uniq_terence, uniq_natasha,
          uniq_robin, uniq_crazy_yiuf_cottage
D:4:      layout_basic
D:5:      gammafunk_steamed_eel, layout_layer_cave, minmay_temple_entry_tees
D:6:      layout_loops_ring, lemuel_doored_altar, basic_altar, uniq_grinder,
          uniq_menkaure
D:7:      layout_loops_corners, serial_shops, kennysheep_mini, basic_altar,
          hellmonk_ghost_happy_afterlife, grunt_ogre_cave
D:8:      minmay_the_grid_square_5x5_3x3
          [minmay_the_grid_square_5x5_tetrominoes,
          minmay_the_grid_square_5x5_spiral_small,
          minmay_the_grid_square_5x5_shrine1,
          minmay_the_grid_square_5x5_minimal,
          minmay_the_grid_square_5x5_megaprize_checkered,
          minmay_the_grid_square_5x5_spiral, minmay_the_grid_square_5x5_meh,
          minmay_the_grid_square_5x5_shrine2, minmay_the_grid_square_5x5_forky],
          layout_loops_cross, dpeg_lair_monsters, minmay_misc_feat_iff,
          uniq_psyche, uniq_pikel, uniq_harold, uniq_prince_ribbit1

Skill      XL: |  1  2  3  4  5  6  7  8  9 10 |
---------------+-------------------------------+-----
Maces & Flails | 4 5 8 9 11 | 11.0
Axes           | 2 9 13 14 | 14.8
Fighting       | 5 |  5.4
Armour         | 4 |  4.5
Evocations     | 2 |  2.7
Dodging        | 4 |  4.1

Action                   |  1- 3 |  4- 6 |  7- 9 | 10-12 || total
-------------------------+-------+-------+-------+-------++-------
Melee: Mace              |    55 |    88 |    66 |       ||   209
       Headbutt          |     7 |    14 |    58 |    16 ||    95
       War axe           |       |       |   258 |    63 ||   321
Throw: Dart              |       |     2 |       |       ||     2
Invok: Berserk           |     3 |     7 |     8 |     6 ||    24
       Trog's Hand       |       |     1 |     2 |     2 ||     5
  Use: Scroll            |     4 |     4 |    10 |       ||    18
       Potion            |       |     1 |       |       ||     1
  Eat: Chunk             |     4 |     9 |    19 |     7 ||    39
       Ration            |       |     1 |     2 |     1 ||     4
Armor: Animal skin       |     5 |       |       |       ||     5
       Leather armour    |     2 |     8 |     5 |       ||    15
       Chain mail        |       |       |    67 |       ||    67
       Plate armour      |       |       |    85 |    27 ||   112
Dodge: Dodged            |    33 |    56 |    91 |    14 ||   194
Block: Other             |       |     3 |    40 |     6 ||    49
       Reflection        |       |       |     1 |       ||     1

Table legend:
 A = Non-vault XP
 B = Vault XP
 C = Vault XP percentage of total XP
 D = Non-vault monster count
 E = Vault monster count
 F = Vault count percentage of total count
                 A         B        C        D         E       F
            +---------+---------+-------+---------+---------+-------
      Total |    3790 |    7883 |  67.5 |     164 |      36 |  18.0
            +---------+---------+-------+---------+---------+-------
        D:1 |      34 |       0 |   0.0 |      21 |       0 |   0.0
        D:2 |     105 |     260 |  71.2 |      32 |       2 |   5.9
        D:3 |      48 |     290 |  85.8 |      13 |      19 |  59.4
        D:4 |     466 |       0 |   0.0 |      19 |       0 |   0.0
        D:5 |     538 |       0 |   0.0 |      21 |       0 |   0.0
        D:6 |     632 |     437 |  40.9 |      20 |       2 |   9.1
        D:7 |    1545 |    4719 |  75.3 |      33 |       8 |  19.5
        D:8 |     422 |    2177 |  83.8 |       5 |       5 |  50.0
            +---------+---------+-------+---------+---------+-------
